 Dungeon Crawl Stone Soup version 0.18.1-48-g4cf74bf (webtiles) character file.

98 atgrul the Firebug (level 4, -2/27 HPs)
             Began as a High Elf Fire Elementalist on July 14, 2016.
             Slain by an orc
             ... wielding a cursed -2 flail
              (11 damage)
             ... on level 3 of the Dungeon.
             The game lasted 00:08:46 (2333 turns).

atgrul the Firebug (High Elf Fire Elementalist)     Turns: 2333, Time: 00:08:47

Health: -2/27      AC:  2    Str:  8    XL:     4   Next: 44%
Magic:  3/8        EV: 13    Int: 18    God:
Gold:   66         SH:  0    Dex: 16    Spells: 1 memorised, 6 levels left

rFire  . . .     SeeInvis .     s - +0 rapier
rCold  . . .     Gourm    .     a - +0 robe
rNeg   . . .     Faith    .     (no shield)
rPois  .         Spirit   .     (no helmet)
rElec  .         Dismiss  .     (no cloak)
rCorr  .         Reflect  .     (no gloves)
SustAt .         Harm     .     (no boots)
MR     .....                    (no amulet)
Stlth  ++........               (no ring)
                                (no ring)

@: not resistant to hostile enchantments, unstealthy
A: no striking features
a: no special abilities


You were on level 3 of the Dungeon.
You were near starving.

You visited 1 branch of the dungeon, and saw 3 of its levels.

You collected 66 gold pieces.

Inventory:

Hand Weapons
 i - a +0 short sword
 s - a +0 rapier (weapon)
Missiles
 l - 89 stones (quivered)
Armour
 a - a +0 robe (worn)
Wands
 t - a wand of lightning (8/15)
Scrolls
 d - 2 scrolls of identify {unknown}
 f - a scroll of fear {unknown}
 h - 2 scrolls of recharging {unknown}
 k - 2 scrolls of fog {unknown}
 n - a scroll of blinking {unknown}
 o - a scroll of remove curse {unknown}
 r - a scroll of teleportation {unknown}
Potions
 e - 2 potions of cure mutation {unknown}
 g - 3 potions of flight {unknown}
 m - a potion of brilliance {unknown}
 p - a potion of haste {unknown}
Books
 b - a book of Flames

   Spells                             Type                      Level
   a - Flame Tongue                   Conjuration/Fire             1
   b - Throw Flame                    Conjuration/Fire             2
   c - Conjure Flame                  Conjuration/Fire             3
   d - Inner Flame                    Hexes/Fire                   3
   e - Sticky Flame                   Conjuration/Fire             4
   f - Fireball                       Conjuration/Fire             5
Comestibles
 c - 4 bread rations
 j - 5 fruits
 q - 2 meat rations


   Skills:
 + Level 0.4 Fighting
 + Level 3.0 Dodging
 - Level 2.1 Stealth
 - Level 2.4 Spellcasting
 - Level 1.1 Conjurations
 + Level 4.8 Fire Magic


You had 6 spell levels left.
You knew the following spells:

 Your Spells              Type           Power        Failure   Level  Hunger
a - Flame Tongue          Conj/Fire      ##...        6%          1    #......


Dungeon Overview and Level Annotations

Branches:
Dungeon (3/15)

Altars:


Message History

The orc hits you with a dagger.
* * * LOW HITPOINT WARNING * * *
Casting: Flame Tongue
Confirm with . or Enter, or press ? or * to list all spells.
Aiming: Flame Tongue
Press: ? - help, Shift-Dir - straight line, f/p - orc
Aim: an orc, wielding a dagger (heavily wounded)
The flame tongue hits the orc.
You kill the orc!
The orc shouts!
Casting: Flame Tongue
Confirm with . or Enter, or press ? or * to list all spells.
Aiming: Flame Tongue
Press: ? - help, Shift-Dir - straight line, f - orc
Aim: an orc, wielding a whip (heavily wounded)
The flame tongue hits the orc.
You kill the orc!
The orc misses you.
You closely miss the orc. The orc hits you with a flail!
You die...

#.# .##.####.o$##.#
#########.##.##.# ##.##
#..s.......#.##.# #.#
#.#######....##.#####.# #.####
#...........o.# #....#
#...........o.# ####s#
#...###.####(.# #.# #.#.# #o#
#..# #s# #.#r# #@# #<.# #.#
#.#.# #.####(.#### #.# #.#.#
#.o)o(.....# ###.####.#.#
######).##.# #..........#
#..##.###### #.#.####...#
#...........
#.#.####...#########..........
#................o....#.######
###.#######..##########.#.#


You could see 2 orcs.

Vanquished Creatures
  5 adders
  2 oozes
  A worm (D:2)
  3 orcs (D:3)
  A bat (D:1)
  2 giant cockroaches
  6 goblins
  5 hobgoblins
  3 jackals (D:3)
  3 kobolds
  A quokka (D:3)
  3 giant newts (D:1)
  4 rats
39 creatures vanquished.

Notes
Turn   | Place    | Note
--------------------------------------------------------------
     0 | D:1      | atgrul the High Elf Fire Elementalist began the quest for the Orb.
     0 | D:1      | Reached XP level 1. HP: 11/11 MP: 4/4
   438 | D:1      | Reached XP level 2. HP: 17/17 MP: 1/6
   956 | D:2      | Reached skill level 4 in Fire Magic
   956 | D:2      | Reached XP level 3. HP: 18/21 MP: 4/7
  1435 | D:2      | Reached XP level 4. HP: 25/27 MP: 6/8
  1734 | D:3      | Noticed an ogre
  2333 | D:3      | Slain by an orc

Skill      XL: |  1  2  3  4 |
---------------+-------------+-----
Fire Magic     | 4 |  4.8
Dodging        | 3 |  3.0
Fighting       | |  0.4
Stealth        | |  2.1
Spellcasting   | |  2.4
Conjurations   | |  1.1

Action                   |  1- 3 |  4- 6 || total
-------------------------+-------+-------++-------
Melee: Short sword       |     4 |       ||     4
       Rapier            |     7 |    13 ||    20
 Cast: Flame Tongue      |    48 |    28 ||    76
  Eat: Chunk             |     1 |     2 ||     3
Armor: Robe              |     6 |     5 ||    11
Dodge: Dodged            |    31 |    32 ||    63
